 Dungeon Crawl Stone Soup version 0.24.1-8-ga250c9d538 (webtiles) character file.

Game seed: 12578893358261721176, levelgen mode: deterministic

95 Gabide the Shield-Bearer (level 4, -2/35 HPs)
             Began as a Human Fighter on May 9, 2020.
             Slain by a bullfrog (3 damage)
             ... on level 3 of the Dungeon.
             The game lasted 00:04:17 (1435 turns).

Gabide the Shield-Bearer (Human Fighter)            Turns: 1435, Time: 00:04:18

Health: -2/35      AC:  9    Str: 17    XL:     4   Next: 97%
Magic:  4/4        EV:  7    Int:  8    God:
Gold:   71         SH:  9    Dex: 13    Spells: 3/3 levels left

rFire    . . .     SeeInvis .   a - +0 long sword
rCold    . . .     Gourm    .   c - +0 shield
rNeg     . . .     Faith    .   b - +3 scale mail
rPois    .         Spirit   .   (no helmet)
rElec    .         Reflect  .   (no cloak)
rCorr    .         Harm     .   (no gloves)
MR       .....                  (no boots)
Stlth    ..........             (no amulet)
HPRegen  0.11/turn              (no ring)
MPRegen  0.09/turn              (no ring)

@: no status effects
A: no striking features
a: no special abilities


You were on level 3 of the Dungeon.
You were not hungry.

You visited 1 branch of the dungeon, and saw 3 of its levels.

You collected 71 gold pieces.

Inventory:

Hand Weapons
 a - a +0 long sword (weapon)
Armour
 b - a +3 scale mail (worn)
 c - a +0 shield (worn)
Wands
 l - a wand of paralysis (9)
Scrolls
 h - a scroll of identify
 m - a scroll of remove curse
Potions
 d - a potion of might
 e - a potion of curing {unknown}
 i - 2 potions of lignification
 j - a potion of haste {unknown}
 k - a potion of magic {unknown}
Comestibles
 f - 5 rations
 g - 10 chunks of flesh


   Skills:
 + Level 3.3 Fighting
 * Level 3.3 Long Blades
 + Level 3.4 Armour
 - Level 0.2 Dodging
 + Level 3.7 Shields


You had 3 spell levels left.
You didn't know any spells.
Your spell library was empty.

Dungeon Overview and Level Annotations

Branches:
Dungeon (3/15)

Altars:
Cheibriados
Nemelex Xobeh


Message History

The bullfrog barely misses you.
You hit the goblin.
You kill the goblin!
The bullfrog hits you.
* * * LOW HITPOINT WARNING * * *
You block the hobgoblin's attack.
You barely miss the bullfrog.
The bullfrog is severely wounded.
You block the bullfrog's attack. The hobgoblin hits you.
* * * LOW HITPOINT WARNING * * *
The bullfrog hits you but does no damage.
You hit the hobgoblin.
You kill the hobgoblin!
You block the bullfrog's attack.
The bullfrog hits you but does no damage.
You hit the bullfrog.
The bullfrog is almost dead.
The bullfrog hits you but does no damage.
The bullfrog hits you.
You die...

...............
................
.................
..................
..................#
...................
.%....F).........#
.......@.........#
......)..........#.#
.................#.##
..........%......#..#
....................#
...........รท........##
#
..............$......#..
.............%%..###.#.#
................###.#.#


You could see a bullfrog.

Vanquished Creatures
  2 adders (D:3)
  A shadow imp (D:3)
  2 worms (D:2)
  A dart slug (D:2)
  A leopard gecko (D:1)
  4 giant cockroaches
  12 goblins
  9 hobgoblins
  5 jackals (D:2)
  2 kobolds
  8 bats
  3 frilled lizards
  5 rats
55 creatures vanquished.

Notes
Turn   | Place    | Note
-------+----------+-------------------------------------------
     0 | D:1      | Gabide the Human Fighter began the quest for the Orb.
     0 | D:1      | Reached XP level 1. HP: 18/18 MP: 1/1
    86 | D:1      | Reached XP level 2. HP: 17/24 MP: 2/2
   316 | D:1      | Found a snail-covered altar of Cheibriados.
   635 | D:2      | Reached XP level 3. HP: 18/29 MP: 3/3
   969 | D:2      | Found a sparkling altar of Nemelex Xobeh.
  1274 | D:3      | Reached XP level 4. HP: 34/35 MP: 4/4
  1421 | D:3      | Noticed a bullfrog
  1433 | D:3      | HP: 1/35 [hobgoblin (3)]
  1435 | D:3      | Slain by a bullfrog

Levels and vault maps discovered:
D:1:      dpeg_arrival_concentric_ovals, layout_rooms, kennysheep_nondescript,
          cheibriados_altar_1
D:2:      layout_rooms, overflow_temple_1_default
D:3:      kennysheep_the_goblin_king, layout_basic, first_ration,
          grunt_gozag_statues

Skill      XL: |  1  2  3  4 |
---------------+-------------+-----
Long Blades    | 3 |  3.3
Fighting       | |  3.3
Armour         | |  3.4
Dodging        | |  0.2
Shields        | |  3.7

Action                   |  1- 3 |  4- 6 || total
-------------------------+-------+-------++-------
Melee: Long sword        |   114 |    71 ||   185
  Use: Scroll            |     6 |       ||     6
  Eat: Chunk             |     1 |     1 ||     2
Armor: Scale mail        |    94 |    64 ||   158
Dodge: Dodged            |    53 |    45 ||    98
Block: Shield            |    69 |    60 ||   129
       Rpst.: Long sword |    17 |    18 ||    35
